 Dungeon Crawl Stone Soup version 0.31-a0-187-gba352fbbf7 (webtiles) character file.

Game seed: 17857827058708763333

314 qw the Skirmisher (level 6, 0/35 HPs)
             Began as a Deep Elf Hunter on June 22, 2023.
             Slain by a gnoll
             ... wielding a +0 spear
             ... led by a gnoll bouda
              (2 damage)
             ... on level 4 of the Dungeon.
             The game lasted 00:00:53 (2369 turns).

qw the Skirmisher (Deep Elf Hunter)                 Turns: 2369, Time: 00:00:54

Health: 0/35       AC:  7    Str: 10    XL:     6   Next: 19%
Magic:  8/8        EV: 16    Int: 14    God:
Gold:   118        SH:  0    Dex: 18    Spells: 5/5 levels left

rFire   . . .        Y - +1 shortbow
rCold   . . .        (shield currently unavailable)
rNeg    . . .        h - +0 ring mail
rPois   .            e - +0 helmet
rElec   .            (no cloak)
rCorr   .            (no gloves)
SInv    .            a - +0 pair of boots
Will    .....        (no amulet)
Stlth   +            i - +5 ring of evasion
HPRegen 0.25/turn    (no ring)
MPRegen 0.11/turn

%: no passive effects
@: about to teleport
A: no striking features
a: no special abilities


You were on level 4 of the Dungeon.
You visited 1 branch of the dungeon, and saw 4 of its levels.

You collected 118 gold pieces.


   Skills:
 - Level 2.0 Fighting
 - Level 9.5 Ranged Weapons
 + Level 0.7 Armour
 - Level 2.4 Dodging
 - Level 1.2 Stealth


You had 5 spell levels left.
You didn't know any spells.
Your spell library was empty.

Inventory:

Hand Weapons
 Y - a +1 shortbow (weapon)
Armour
 a - a +0 pair of boots (worn)
 e - a +0 helmet (worn)
 h - a +0 ring mail (worn)
Jewellery
 i - a +5 ring of evasion (left hand)
Scrolls
 m - a scroll of enchant armour {unknown}
Potions
 b - a potion of berserk rage {unknown}
 c - a potion of curing {unknown}
 d - a potion of cancellation {unknown}
 f - a potion of heal wounds {unknown}
 g - a potion of invisibility {unknown}
 j - 2 potions of might
 k - a potion of haste {unknown}
 l - a potion of brilliance {unknown}

Dungeon Overview and Level Annotations

Branches:
Dungeon (4/15)
 Temple: D:4-7

Altars:

Annotations:
D:1 1 runed translucent door


Message History

You shoot an arrow. The arrow closely misses the orc.
The gnoll hits you but does no damage. The orc completely misses you.
The gnoll closely misses you.
You shoot an arrow. The arrow hits the orc.
You kill the orc!
The gnoll hits you but does no damage.
A gnoll comes into view. It is wielding a +0 spear.
You shoot an arrow. The arrow closely misses the gnoll.
The gnoll hits you with a +0 spear.
The gnoll hits you from afar with a +0 spear.
You shoot an arrow.
The arrow hits the gnoll but does no damage.
You hear an angry hiss.
The gnoll hits you but does no damage. The gnoll closely misses you.
You shoot an arrow. The arrow barely misses the gnoll.
The gnoll completely misses you. The gnoll misses you.
You shoot an arrow. The arrow barely misses the gnoll.
The gnoll hits you with a +0 spear.
The gnoll hits you from afar with a +0 spear.
You shoot an arrow. The arrow hits the gnoll!
The gnoll is heavily wounded.
The gnoll hits you from afar with a +0 spear.
The gnoll misses you.
You shoot an arrow. The arrow hits the gnoll.
The gnoll is severely wounded.
The gnoll barely misses you. The gnoll completely misses you.
You shoot an arrow. The arrow barely misses the gnoll.
The gnoll hits you from afar with a +0 spear!
The gnoll barely misses you.
2368 ||| READING scroll of teleportation.
As you read the scroll of teleportation, it crumbles to dust.
You feel strangely unstable. The gnoll hits you but does no damage.
The gnoll hits you from afar with a +0 spear.
You shoot an arrow.
The arrow hits the gnoll but does no damage.
The gnoll is severely wounded.
You hear an angry hiss.
The gnoll barely misses you. The gnoll hits you with a +0 spear.
You die...

## }~g.~.. #. ~}.o... #.
~..~o.~ #. ..~.g~~ ####
#. ..~.go.
#..#############.
...~S..###...............
.......#@.)##.###########
.....ogg#.###.#
..#######.# #.# #.# #.#
#.# #.# ..# #%# ### #.#
#.#


You could see an orc wizard and 2 gnolls.

Vanquished Creatures
  Sigmund (D:2)
  Jessica (D:3)
  Robin (D:2)
  3 adders
  3 worms
  2 dart slugs
  4 orcs
  3 endoplasms
  15 goblins
  12 hobgoblins
  3 jackals (D:4)
  6 quokkas
  6 ball pythons
  2 frilled lizards (D:1)
  5 kobolds
  6 rats
73 creatures vanquished.

Notes
Turn   | Place    | Note
-------+----------+-------------------------------------------
     0 | D:1      | qw the Deep Elf Hunter began the quest for the Orb.
     0 | D:1      | Reached XP level 1. HP: 12/12 MP: 3/3
     0 | D:1      | 0 ||| qw: Version: 0.3-a-9-g12657ce
     0 | D:1      | 0 ||| qw: Game counter: 2504
     0 | D:1      | 0 ||| qw: Always use a shield: true
     0 | D:1      | 0 ||| qw: God list: Okawaru
     0 | D:1      | 0 ||| qw: Allow faded altars: false
     0 | D:1      | 0 ||| qw: Do Orc after D:15 true
     0 | D:1      | 0 ||| qw: Do second Lair branch before Depths: true
     0 | D:1      | 0 ||| qw: Lair rune preference: random
     0 | D:1      | 0 ||| qw: Plans: Normal
     0 | D:1      | 0 ||| PLANNING D:1-11
     1 | D:1      | Found a runed translucent door.
   102 | D:1      | Reached XP level 2. HP: 16/16 MP: 4/4
   109 | D:1      | Reached skill level 6 in Ranged Weapons
   368 | D:1      | You fall into a shaft and drop 1 floor!
   404 | D:2      | 404 ||| UPGRADING to +0 ring mail.
   414 | D:2      | 414 ||| DROPPING +0 leather armour.
   415 | D:2      | 415 ||| UPGRADING to +5 ring of evasion.
   416 | D:2      | 416 ||| READING scroll labelled RUONOS WUGHALL.
   417 | D:2      | 417 ||| READING scroll labelled NAMETS EWYH.
   418 | D:2      | 418 ||| READING scroll labelled OCEOWK OFEE.
   419 | D:2      | 419 ||| DROPPING scroll of butterflies.
   683 | D:1      | Reached XP level 3. HP: 20/20 MP: 5/5
   784 | D:1      | 784 ||| UPGRADING to +1 hat.
   850 | D:2      | Noticed Sigmund
   859 | D:2      | Killed Sigmund
   860 | D:2      | Reached skill level 9 in Ranged Weapons
   860 | D:2      | Reached XP level 4. HP: 18/25 MP: 6/6
   860 | D:2      | Reached XP level 5. HP: 21/29 MP: 7/7
   986 | D:2      | Noticed Robin
   998 | D:2      | Killed Robin
  1111 | D:2      | Found a faded altar of an unknown god.
  1483 | D:2      | 1483 ||| UPGRADING to +0 helmet.
  1493 | D:2      | 1493 ||| DROPPING +1 hat.
  1494 | D:2      | 1494 ||| READING scroll labelled FEMMEC JOSECU.
  1495 | D:2      | 1495 ||| READING scroll labelled KYJ QUUVIAB.
  1498 | D:2      | 1498 ||| READING scroll labelled QOCRIA QONEOJ.
  1499 | D:2      | 1499 ||| DRINKING 3 dark potions.
  1589 | D:3      | Noticed Jessica
  1593 | D:3      | Killed Jessica
  1594 | D:3      | Reached XP level 6. HP: 35/35 MP: 8/8
  2182 | D:3      | 2182 ||| UPGRADING to +0 pair of boots.
  2187 | D:3      | 2187 ||| READING scroll labelled YVASIRR ASHRIAS.
  2342 | D:4      | 2342 ||| Stepping ~*~*~tactically~*~*~ (outnumbered).
  2367 | D:4      | HP: 6/35 [gnoll/+0 spear[a gnoll bouda] (7)]
  2368 | D:4      | 2368 ||| READING scroll of teleportation.
  2368 | D:4      | HP: 2/35 [gnoll/+0 spear[a gnoll bouda] (4)]
  2369 | D:4      | Slain by a gnoll

Levels and vault maps discovered:
D:1:      dpeg_arrival_caged_fury, layout_loops_cross, minmay_quantized
D:2:      layout_loops_ring, shapermc_ecumenical_altar_flowoftime,
          guppyfry_early_lair_pool, uniq_sigmund, uniq_robin
D:3:      layout_loops_cross, uniq_jessica
D:4:      cheibrodos_helix_gallery, layout_loops_ring, minmay_misc_feat_encased,
          hangedman_decor_clover_reticule, hangedman_decor_slide_cut,
          nicolae_grassy_gnolls, uniq_menkaure

Skill      XL: |  1  2  3  4  5 |
---------------+----------------+-----
Ranged Weapons | 6 9 |  9.5
Fighting       | 2 |  2.0
Armour         | |  0.7
Dodging        | |  2.4
Stealth        | |  1.2

Action                     |  1- 3 |  4- 6 || total
---------------------------+-------+-------++-------
   Fire: Shortbow          |    85 |   116 ||   201
    Use: Scroll            |     3 |     5 ||     8
         Potion            |       |     1 ||     1
 Armour: Leather armour    |     2 |       ||     2
         Ring mail         |     4 |    23 ||    27
  Dodge: Dodged            |    20 |    44 ||    64

Table legend:
 A = Non-vault XP
 B = Vault XP
 C = Vault XP percentage of total XP
 D = Non-vault monster count
 E = Vault monster count
 F = Vault count percentage of total count
                 A         B        C        D         E       F
            +---------+---------+-------+---------+---------+-------
      Total |     144 |     305 |  67.9 |      56 |      17 |  23.3
            +---------+---------+-------+---------+---------+-------
        D:1 |      35 |       6 |  14.6 |      21 |       2 |   8.7
        D:2 |      40 |     258 |  86.6 |      13 |      12 |  48.0
        D:3 |      35 |      37 |  51.4 |      12 |       1 |   7.7
        D:4 |      34 |       4 |  10.5 |      10 |       2 |  16.7
            +---------+---------+-------+---------+---------+-------
